 Dungeon Crawl Stone Soup version 0.29.0-13-gc9e81de378 (webtiles) character file.

Game seed: 13142040180004077600

371 smilodon the Trooper (level 6, -1/48 HPs)
             Began as a Demonspawn Fighter on Sept 9, 2022.
             Was an Elder of Lugonu.
             Killed from afar by Dowan (17 damage)
             ... with a stone arrow
             ... on level 4 of the Dungeon.
             The game lasted 00:09:19 (3564 turns).

smilodon the Trooper (Demonspawn Fighter)           Turns: 3564, Time: 00:09:19

Health: -1/48      AC:  9    Str: 19    XL:     6   Next: 42%
Magic:  7/7        EV:  7    Int:  9    God:    Lugonu [****..]
Gold:   182        SH:  4    Dex: 12    Spells: 5/5 levels left

rFire   . . .      SeeInvis .     - Unarmed
rCold   . . .      Faith    +   c - +0 buckler
rNeg    . . .      Spirit   .   k - +0 chain mail
rPois   .          Reflect  .   (no helmet)
rElec   .          Harm     .   (no cloak)
rCorr   .          Rampage  .   (no gloves)
Will    .....                   (no boots)
Stlth   ..........              h - amulet of faith
HPRegen 0.16/turn               (no ring)
MPRegen 0.10/turn               (no ring)

@: on berserk cooldown, slowed, very slow
A: claws 1, weakness stinger 1
a: Renounce Religion, Depart the Abyss, Bend Space, Banish, Corrupt


You were on level 4 of the Dungeon.
You worshipped Lugonu.
Lugonu was greatly pleased with you.
You visited 1 branch of the dungeon, and saw 4 of its levels.

You collected 182 gold pieces.

Inventory:

Hand Weapons
 a - a +0 long sword of venom
 j - a +3 dagger of electrocution
Armour
 b - a +0 scale mail
 c - a +0 buckler (worn)
 k - a +0 chain mail (worn)
Jewellery
 h - an amulet of faith (around neck)
Scrolls
 f - 2 scrolls of fear
Potions
 e - a potion of curing
 g - 3 potions of cancellation
 i - a potion of heal wounds


   Skills:
 + Level 4.0 Fighting
 - Level 0.2(1.2) Short Blades
 - Level 2.1 Long Blades
 + Level 3.6 Armour
 + Level 1.8 Dodging
 + Level 3.6 Shields
 * Level 2.6 Unarmed Combat
 + Level 1.8 Invocations


You had 5 spell levels left.
You didn't know any spells.
Your spell library contained the following spells:

 Spells                   Type           Power      Damage    Failure   Level
 Beastly Appendage        Tmut           0%         N/A       99%         1
 Foxfire                  Conj/Fire      0%         2x1d4     99%         1
 Ensorcelled Hibernation  Hex/Ice        0%         N/A       100%        2
 Wereblood                Tmut           0%         N/A       100%        2
 Conjure Flame            Conj/Fire      0%         6-21      100%        3
 Dazzling Flash           Conj/Hex       0%         N/A       100%        3
 Ignite Poison            Fire/Tmut/Pois 0%         N/A       100%        3
 Inner Flame              Hex/Fire       0%         N/A       100%        3
 Mephitic Cloud           Conj/Pois/Air  0%         N/A       100%        3
 Spider Form              Tmut/Pois      0%         N/A       100%        3
 Anguish                  Hex/Necr       0%         N/A       100%        4
 Flame Wave               Conj/Fire      0%         2d4       100%        4
 Sticky Flame             Conj/Fire      0%         2d3       100%        4
 Agony                    Necr           0%         N/A       100%        5
 Freezing Cloud           Conj/Ice/Air   0%         6-21      100%        5
 Infestation              Necr           0%         N/A       100%        8


Dungeon Overview and Level Annotations

Branches:
Dungeon (4/15)
 Temple: D:4-7

Altars:
Lugonu

Shops:
D:3 *

Annotations:
D:4 Dowan


Innate Abilities, Weirdness & Mutations

You have sharp fingernails.
You have a small tail.


Message History

Dowan blinks!
Dowan hits you with a +0 dagger.
You scratch Dowan but do no damage.
Dowan is heavily wounded.
Dowan hits you with a +0 dagger. Dowan barely misses you.
You block Dowan's attack.
You scratch Dowan.
Dowan is severely wounded.
Dowan hits you with a +0 dagger. Dowan closely misses you.
You closely miss Dowan.
Dowan is severely wounded.
Dowan hits you with a +0 dagger. Dowan hits you but does no damage.
You scratch Dowan but do no damage.
Dowan is severely wounded.
Dowan mumbles some strange words.
Dowan blinks!
Dowan breathes, "And she was my only..."
Dowan hits you but does no damage.
Dowan gestures wildly while chanting.
Dowan blinks!
You block Dowan's attack. Dowan gestures at you while chanting.
The stone arrow hits you!
You scratch Dowan.
Dowan is almost dead.
Dowan hits you but does no damage. Dowan hits you with a +0 dagger.
* * * LOW HITPOINT WARNING * * *
You closely miss Dowan.
Dowan is almost dead.
Dowan hits you with a +0 dagger.
* * * LOW HITPOINT WARNING * * *
Dowan barely misses you.
You feel much better. Dowan hits you with a +0 dagger.
Dowan mumbles some strange words.
Dowan blinks!
Dowan gestures at you while chanting. The shard of ice hits you!!
Dowan gestures at you while chanting. The stone arrow hits you!
You die...

#.## ### ##.#.######
#.###.)...# ##.#.####.#
#.## #.# #.# #e# #.#
###.### #.# #.....# #.#
#..@..######## #.#
#............. ..#
#.....######## .##
#.....# #.#.### #.#.#
#.#.##############.#
#.#.#...))))......O.
####.#.#.##########.###


You could see Dowan (fast).

Vanquished Creatures
  Duvessa (D:4)
  An orc wizard (D:4)
  Robin (D:4)
  6 gnolls (D:2)
  6 adders
  2 worms (D:3)
  3 dart slugs
  9 orcs
  5 ball pythons
  A bat (D:2)
  7 endoplasms
  4 giant cockroaches
  17 goblins
  8 hobgoblins
  7 jackals
  4 kobolds
  6 quokkas
  2 frilled lizards
  6 rats
96 creatures vanquished.

Vanquished Creatures (others)
  43 plants (D:2)
43 creatures vanquished.

Grand Total: 139 creatures vanquished

Notes
Turn   | Place    | Note
-------+----------+-------------------------------------------
     0 | D:1      | smilodon the Demonspawn Fighter began the quest for the
                  | Orb.
     0 | D:1      | Reached XP level 1. HP: 18/18 MP: 1/1
    57 | D:1      | Found a faded altar of an unknown god.
    73 | D:1      | Prayed at the altar of an unknown god.
    73 | D:1      | Became a worshipper of Lugonu the Unformed
    73 | D:1      | Reached * piety under Lugonu
    73 | D:1      | Reached ** piety under Lugonu
    96 | D:1      | Discovered your monstrous ancestry.
    96 | D:1      | Gained mutation: You have sharp fingernails. [demonic
                  | ancestry]
    96 | D:1      | Reached XP level 2. HP: 21/24 MP: 2/2
   327 | D:1      | Got the Compilation of Concussion and Misery
  1041 | D:2      | Reached XP level 3. HP: 23/29 MP: 3/3
  1146 | D:2      | Reached XP level 4. HP: 8/35 MP: 4/4
  1153 | D:2      | Reached skill level 1 in Unarmed Combat
  1155 | D:2      | Reached skill level 1 in Dodging
  1319 | D:2      | Reached *** piety under Lugonu
  1553 | D:2      | Reached XP level 5. HP: 42/42 MP: 5/5
  2351 | D:3      | Found Mete's General Store.
  2966 | D:3      | Reached **** piety under Lugonu
  3205 | D:4      | Noticed Robin
  3226 | D:4      | Reached skill level 1 in Invocations
  3266 | D:4      | Killed Robin
  3275 | D:4      | Gained mutation: You have a small tail. [demonic ancestry]
  3275 | D:4      | Reached XP level 6. HP: 21/48 MP: 6/6
  3515 | D:4      | Noticed Duvessa
  3515 | D:4      | Noticed Dowan
  3542 | D:4      | Killed Duvessa
  3543 | D:4      | Reached skill level 4 in Fighting
  3564 | D:4      | Killed from afar by Dowan

Illustrated notes

Levels and vault maps discovered:
D:1:      psy_arrival_fountain, layout_basic,
          shapermc_ecumenical_altar_starsandcircs, minmay_cupped
D:2:      wad_woods_tower, layout_loops_ring
D:3:      layout_basic, serial_shops, shop
D:4:      layout_loops_ring, minmay_temple_entry_waves, uniq_pikel, uniq_robin,
          uniq_duvessa

Skill      XL: |  1  2  3  4  5  6 |
---------------+-------------------+-----
Long Blades    | 2 |  2.1
Armour         | 3 |  3.6
Shields        | 3 |  3.6
Unarmed Combat | 1 2 |  2.6
Dodging        | 1 |  1.8
Invocations    | 1 |  1.8
Fighting       | 4 |  4.0
Short Blades   | |  0.2

Action                   |  1- 3 |  4- 6 || total
-------------------------+-------+-------++-------
Melee: Long sword        |    56 |       ||    56
       Dagger            |    33 |    55 ||    88
       Unarmed           |       |   205 ||   205
       Tailslap          |       |     1 ||     1
Invok: Bend Space        |       |     1 ||     1
  Use: Scroll            |     4 |     6 ||    10
       Potion            |     4 |     4 ||     8
Armor: Scale mail        |    27 |       ||    27
       Chain mail        |    15 |   138 ||   153
Dodge: Dodged            |    29 |    72 ||   101
Block: Buckler           |    24 |    39 ||    63
